 Dungeon Crawl Stone Soup version 0.25-a0-99-gfcdb843 (webtiles) character file.

Game seed: 5787820766646059179, levelgen mode: deterministic

7 sighowe the Digger (level 1, -2/7 HPs)
             Began as a Felid Earth Elementalist on Nov 13, 2019.
             Slain by a jackal (3 damage)
             ... on level 1 of the Dungeon.
             The game lasted 00:02:53 (163 turns).

sighowe the Digger (Felid Earth Elementalist)        Turns: 163, Time: 00:02:54

Health: -2/7       AC:  1    Str:  4    XL:     1   Next: 91%
Magic:  0/4        EV: 18    Int: 16    God:
Gold:   6          SH:  0    Dex: 16    Spells: 3/4 levels left
                                        Lives:  0   Deaths: 0

rFire    . . .     SeeInvis +   (weapon unavailable)
rCold    . . .     Gourm    .   (shield unavailable)
rNeg     . . .     Faith    .   (armour unavailable)
rPois    .         Spirit   .   (helmet unavailable)
rElec    .         Reflect  .   (cloak unavailable)
rCorr    .         Harm     .   (gloves unavailable)
MR       .....                  (boots unavailable)
Stlth    +++.......             (no amulet)
HPRegen  0.02/turn              (no ring)
MPRegen  0.09/turn              (no ring)

@: quick
A: very small, no armour, no weapons or thrown items, stealth, claws 1, fangs 3,
see invisible, carnivore, speed 1, shaggy fur 1, slow metabolism 1, sharp paws
a: no special abilities


You were on level 1 of the Dungeon.
You were not hungry.

You visited 1 branch of the dungeon, and saw 1 of its levels.

You collected 6 gold pieces.

Inventory:

Missiles
 b - 18 stones
Scrolls
 f - a scroll of amnesia {unknown}
 g - a scroll of immolation {unknown}
Potions
 a - 2 potions of brilliance {unknown}
 d - a potion of might {unknown}
 e - a potion of curing {unknown}
Comestibles
 c - a ration


   Skills:
 + Level 2.6 Dodging
 + Level 2.6 Stealth
 + Level 2.1 Spellcasting
   Level 1.1 Transmutations
 + Level 3.1 Earth Magic


You had 3 spell levels left.
You knew the following spells:

 Your Spells              Type           Power        Failure   Level  Hunger
a - Sandblast             Erth           ##....       5%          1    #......

Your spell library contained the following spells:

 Spells                   Type           Power        Failure   Level  Hunger
 Passwall                 Tmut/Erth      #.......     13%         2    ###....
 Stone Arrow              Conj/Erth      #.....       32%         3    ###....
 Petrify                  Tmut/Erth      #.......     65%         4    #####..
 Lee's Rapid Deconstruct  Erth           ##........   83%         5    ######.


Dungeon Overview and Level Annotations

Branches:
Dungeon (1/15)

Altars:


Innate Abilities, Weirdness & Mutations

You cannot wear armour.
You are incapable of wielding weapons or throwing items.
Your paws allow you to move quietly. (Stealth)
You have sharp claws.
You have razor-sharp teeth.
You have supernaturally acute eyesight. (SInv)
You are carnivorous and can eat meat at any time.
You cover ground quickly.
You are covered in fur. (AC +1)
You have a slow metabolism.
Your sharp claws are effective at attacking unaware monsters.


Message History

You kill the jackal!
b - 19 stones The jackal misses you.
Your magical contamination has completely faded away.
Casting: Sandblast (safe; 5% risk of failure)
Confirm with . or Enter, or press ? or * to list all spells.
Aiming: Sandblast (safe; 5% risk of failure)
Press: ? - help, Shift-Dir - straight line, f - jackal
Aim: a jackal The blast of sand misses the jackal.
The blast of sand hits the jackal.
The jackal is heavily wounded.
b - 18 stones The jackal bites you.
* * * LOW HITPOINT WARNING * * *
The jackal closely misses you.
You closely miss the jackal. The jackal closely misses you.
You scratch the jackal.
The jackal is heavily wounded.
The jackal misses you. The jackal bites you.
You die...

....................##...
............####.........
#..........####........#.
########.### #...........
#.# #..........# #.#
#..........# #h#
#.......####
#h#####......###<#
#@##...≈...>)#8#'#
#....#P≈≈....'....
######≈≈P....'....
#≈.≈....#8#'#
#.≈.....###÷#
##.......#### ##........#
##......## ########


You could see 2 jackals.

Vanquished Creatures
  2 giant cockroaches (D:1)
  2 jackals (D:1)
  A frilled lizard (D:1)
  A kobold (D:1)
  A rat (D:1)
7 creatures vanquished.

Notes
Turn   | Place    | Note
-------+----------+-------------------------------------------
     0 | D:1      | sighowe the Felid Earth Elementalist began the quest for
                  | the Orb.
     0 | D:1      | Reached XP level 1. HP: 7/7 MP: 4/4
   119 | D:1      | Reached skill level 3 in Earth Magic
   163 | D:1      | Slain by a jackal

Levels and vault maps discovered:
D:1:      wander_arrival_abandoned_jail, layout_rooms, serial_bayou,
          serial_bayou_lagoon_b, serial_bayou_crossing, serial_bayou_pond_d,
          serial_bayou_pond_e, serial_bayou_shore_a

Skill      XL: |  1 |
---------------+----+-----
Earth Magic    | 3 |  3.1
Dodging        | |  2.6
Stealth        | |  2.6
Spellcasting   | |  2.1
Transmutations | |  1.1

Action                   || total
-------------------------++-------
Melee: Unarmed           ||     9
 Cast: Sandblast         ||    12
  Eat: Chunk             ||     1
Armor: Skin              ||     2
Dodge: Dodged            ||    18

Table legend:
 A = Non-vault XP
 B = Vault XP
 C = Vault XP percentage of total XP
 D = Non-vault monster count
 E = Vault monster count
 F = Vault count percentage of total count
                 A         B        C        D         E       F
            +---------+---------+-------+---------+---------+-------
      Total |      11 |       0 |   0.0 |       7 |       0 |   0.0
            +---------+---------+-------+---------+---------+-------
        D:1 |      11 |       0 |   0.0 |       7 |       0 |   0.0
            +---------+---------+-------+---------+---------+-------
